 Dungeon Crawl Stone Soup version 0.20.1-1-g8b1a95d (webtiles) character file.

17453 letownia2 the Reanimator (level 12, -1/103 HPs)
             Began as a Deep Dwarf Necromancer on Dec 9, 2017.
             Was an Initiate of Gozag.
             Slain by a wyvern (5 damage)
             ... on level 5 of the Lair of Beasts.
             The game lasted 00:46:35 (12063 turns).

letownia2 the Reanimator (Deep Dwarf Necromancer)  Turns: 12063, Time: 00:46:36

Health: -1/103     AC: 20    Str: 15    XL:     12   Next: 19%
Magic:  17/25      EV:  2    Int: 18    God:    Gozag
Gold:   1193       SH:  0    Dex: 13    Spells: 15/29 levels left

rFire    . . .     SeeInvis +   a - +1 war axe (elec)
rCold    + . .     Gourm    .   (no shield)
rNeg     + + +     Faith    .   F - +2 scale mail {rN+}
rPois    ∞         Spirit   .   w - +1 helmet {SInv}
rElec    .         Reflect  .   H - +1 cloak of Dramatic Exits {rF+ rN++}
rCorr    .         Harm     .   R - +1 pair of gloves {archery}
MR       +....                  E - +0 pair of boots
Stlth    +.........             r - amulet of magic regeneration
Regen    0.0/turn               z - +2 ring of protection
MPRegen  0.3/turn               q - ring of ice

@: petrified, non-regenerating
A: damage resistance, heal wounds, sense surroundings 2, no regeneration
a: Heal Wounds, Potion Petition, Call Merchant, Bribe Branch, Renounce Religion


You were on level 5 of the Lair of Beasts.
You worshipped Gozag.
Gozag was most pleased with you.
You were not hungry.

You visited 3 branches of the dungeon, and saw 17 of its levels.
You also visited: Labyrinth.

You collected 2776 gold pieces.
You spent 285 gold pieces at shops.
You paid 1298 gold pieces to Gozag.

Inventory:

Hand Weapons
 a - a +1 war axe of electrocution (weapon)
 b - a +0 whip of pain
Missiles
 A - 13 javelins (quivered)
 X - a throwing net
Armour
 h - a +0 leather armour of fire resistance
 w - a +1 helmet of see invisible (worn)
 E - a +0 pair of boots (worn)
 F - a +2 scale mail of positive energy (worn)
 H - the +1 cloak of Dramatic Exits (worn) {rF+ rN++}
   (You bought it in a shop on level 2 of the Lair of Beasts)

   It protects you from fire.
   It greatly protects you from negative energy.
 R - a +1 pair of gloves of archery (worn)
Jewellery
 l - an uncursed ring of resist corrosion
 q - a ring of ice (right hand)
 r - an amulet of magic regeneration (around neck)
 z - a +2 ring of protection (left hand)
 J - an uncursed ring of protection from magic
Wands
 d - a wand of paralysis (5/24)
 k - a wand of lightning (9/15)
 u - a wand of lightning (0/15)
 L - a wand of paralysis (16/24)
 Y - a wand of acid (12/15)
Scrolls
 g - 3 scrolls of immolation
 i - 2 scrolls of identify
 j - 4 scrolls of remove curse
 v - 3 scrolls of blinking
 y - 3 scrolls of teleportation
 D - 2 scrolls of recharging
 K - 3 scrolls of fog {unknown}
 M - a scroll of random uselessness {unknown}
 S - a scroll of holy word {unknown}
 U - a scroll of summoning {unknown}
Potions
 e - 6 potions of curing {unknown}
 f - 5 potions of haste
 m - 3 potions of agility {unknown}
 n - 4 potions of brilliance {unknown}
 o - a potion of ambrosia
 p - a potion of mutation
 x - a potion of resistance
 C - 6 potions of heal wounds {unknown}
 G - 2 potions of lignification {unknown}
 I - 2 potions of degeneration {unknown}
 O - 2 potions of cancellation
 P - a potion of might
 V - a potion of magic
 W - a potion of invisibility
Comestibles
 c - 6 bread rations
 s - 7 fruits


   Skills:
 - Level 5.3 Fighting
 + Level 7.5 Axes
 - Level 6.6 Armour
 - Level 2.1 Dodging
 - Level 2.4 Stealth
 - Level 9.1 Spellcasting
 + Level 13.4 Necromancy
 - Level 7.0 Evocations


You had 15 spell levels left.
You knew the following spells:

 Your Spells              Type           Power        Failure   Level  Hunger
a - Pain                  Necr           ####         1%          1    None
b - Dazzling Spray        Conj/Hex       #.....       65%         3    None
j - Portal Projectile     Hex/Tloc       #.....       65%         3    None
v - Vampiric Draining     Necr           ######....   1%          3    None
x - Inner Flame           Hex/Fire       #.......     65%         3    None
z - Summon Butterflies    Summ           #.......     28%         1    None


Dungeon Overview and Level Annotations

Branches:
Dungeon (11/15)            Temple (1/1) D:5            Lair (5/6) D:8
  Snake (0/4) Lair:3          Orc (0/2) D:9
  Swamp: Lair:2-4    Shoals: Lair:2-4     Slime: Lair:5-6

Altars:
Ashenzari
Cheibriados
Dithmenos
Elyvilon
Gozag
Hepliaklqana
Makhleb
Nemelex Xobeh
Okawaru
Qazlal
Trog
Uskayaw
Vehumet
Xom
Yredelemnul
Zin
The Shining One

Shops:
D:6 :   D:7 (=   D:10 (   Lair:2 [

Annotations:
D:5 soepske's ghost, novice DsAK
D:8 Pikel
Lair:5 Rupert


Innate Abilities, Weirdness & Mutations

You are resistant to damage.
You can heal yourself by infusing magical energy.
You passively map the area around you.
You do not regenerate.


Message History

* * * LOW HITPOINT WARNING * * *
The hippogriff bites you but does no damage.
The hippogriff pecks you. The hippogriff claws you.
The wyvern bites you but does no damage.
The wyvern bites you!
* * * LOW HITPOINT WARNING * * *
The wyvern bites you.
The hippogriff bites you but does no damage.
The hippogriff pecks you but does no damage.
The hippogriff claws you. The wyvern bites you!
* * * LOW HITPOINT WARNING * * *
The wyvern bites you.
The wyvern bites you but does no damage.
The hippogriff bites you but does no damage.
The hippogriff pecks you but does no damage.
The hippogriff claws you but does no damage.
The wyvern bites you but does no damage. x3
The wyvern bites you!
You die...
Your body crumbles into a pile of gold.

, * ,
*#.♣.###.. ,,
,, *##...#..#,
** *, #.....# ,
... , * **
#..<..# ....
### ,#
#....)#*, ,,
....+####.##
.###....## *
.......#Hl.#...
##.♣@# *, *
*,P.....HlllH.#
#..... ,
,.......##@##*
!.....l.,,,
*#....kllllH#
#........ *
#....llHll##
##....=...,
#....HlHkk#
*###...###,
P$.....Hl## , ,
, *,
*#........# , *
*** ,
#.....#.## * *
, , ,
*##....#.. ** ,
.........* , *
* ,


You could see a manticore, a komodo dragon, 7 hippogriffs, 4 basilisks, 3 rime
drakes and 9 wyverns.

Vanquished Creatures
  A minotaur (Lab)
  3 hydras
  2 two-headed ogres (D:11)
  2 unseen horrors (Lab)
  A cyclops (D:11)
  An ugly thing (D:11)
  A black mamba (Lair:3)
  2 centaur zombies (D:9)
  A spiny frog (Lair:4)
  A rime drake (Lair:2)
  3 komodo dragons
  3 trolls
  Prince Ribbit (D:8)
  4 hippogriffs
  A vampire (D:10)
  10 yaks
  A basilisk (Lair:2)
  3 hungry ghosts (D:8)
  4 water moccasins
  3 porcupines
  An ice beast (D:8)
  5 orc warriors
  A slave (D:7)
  4 sky beasts
  A phantom (D:6)
  An ogre (D:7)
  A centaur (D:9)
  12 wolves
  5 crocodiles
  8 bullfrogs
  A wyvern skeleton (D:9)
  15 killer bees
  5 wights (D:9)
  5 crimson imps
  A quasit (D:9)
  2 jellies
  4 orc priests
  3 bullfrog skeletons
  2 centaur skeletons
  4 hounds
  4 orc wizards
  3 iguanas
  Terence (D:2)
  Natasha (thrice) (D:2)
  2 worker ants
  5 hound zombies
  A worker ant zombie (D:11)
  14 gnolls
  A howler monkey skeleton (D:11)
  10 adders
  2 shadow imps
  5 oozes
  4 worms
  4 dart slugs
  6 leopard geckos
  42 orcs
  3 ball pythons
  6 bats
  5 giant cockroaches
  6 goblins
  11 hobgoblins
  3 jackals (Temple)
  6 kobolds
  3 quokkas
  6 frilled lizards
  A jackal skeleton (D:8)
  A leopard gecko skeleton (D:4)
  A quokka skeleton (D:9)
  12 rats
  A fungus (Lair:2)
301 creatures vanquished.

Vanquished Creatures (others)
  14 bushes (Lair:2)
  3 plants
17 creatures vanquished.

Grand Total: 318 creatures vanquished

Notes
Turn   | Place    | Note
-------+----------+-------------------------------------------
     0 | D:1      | letownia2 the Deep Dwarf Necromancer began the quest for the Orb.
     0 | D:1      | Reached XP level 1. HP: 15/15 MP: 3/3
   278 | D:1      | Reached XP level 2. HP: 22/22 MP: 1/5
   474 | D:2      | Noticed Natasha
   522 | D:2      | Noticed a crimson imp
   522 | D:2      | Killed Natasha
   522 | D:2      | Reached skill level 5 in Necromancy
   522 | D:2      | Reached XP level 3. HP: 10/28 MP: 0/6
   530 | D:2      | Learned a level 3 spell: Vampiric Draining
   687 | D:3      | Found an iron altar of Okawaru.
  1263 | D:4      | Found a glowing silver altar of Zin.
  1412 | D:4      | Reached skill level 6 in Necromancy
  1412 | D:4      | Reached XP level 4. HP: 23/36 MP: 0/7
  1595 | D:4      | Noticed an orc warrior
  1933 | D:5      | Entered Level 5 of the Dungeon
  1996 | D:5      | Found a staircase to the Ecumenical Temple.
  2005 | Temple   | Entered the Ecumenical Temple
  2014 | Temple   | Became a worshipper of Gozag Ym Sagoz the Greedy
  2217 | D:5      | Reached XP level 5. HP: 38/42 MP: 9/9
  2309 | D:5      | Noticed soepske's ghost (novice DsAK)
  2375 | D:5      | Found a shadowy altar of Dithmenos.
  2377 | D:5      | Found a hazy altar of Hepliaklqana.
  2377 | D:5      | Found a white marble altar of Elyvilon.
  2378 | D:5      | Found a hide-covered altar of Uskayaw.
  2603 | D:4      | Reached skill level 7 in Necromancy
  2607 | D:4      | Reached XP level 6. HP: 37/49 MP: 2/10
  2901 | D:3      | Reached skill level 1 in Axes
  2986 | D:2      | Noticed Natasha
  2990 | D:2      | Killed Natasha
  3355 | D:1      | Reached skill level 1 in Fighting
  4167 | D:2      | Noticed Natasha
  4308 | D:2      | Found a bloodstained altar of Trog.
  4363 | D:2      | Killed Natasha
  4418 | D:2      | Noticed Terence
  4471 | D:2      | Killed Terence
  4471 | D:2      | Reached XP level 7. HP: 40/58 MP: 0/11
  4911 | D:4      | Reached skill level 1 in Armour
  4911 | D:4      | Reached skill level 8 in Necromancy
  5621 | D:6      | Found Suuwun's Book Boutique.
  5788 | D:7      | Reached XP level 8. HP: 47/66 MP: 14/14
  5902 | D:7      | Reached skill level 5 in Spellcasting
  6321 | D:7      | Found a sparkling altar of Nemelex Xobeh.
  6325 | D:7      | Noticed a hippogriff
  6335 | D:7      | Killed a hippogriff
  6541 | D:7      | Found Feint's Antique Weapon Boutique.
  7000 | D:8      | Gained mutation: You passively map the area around you. [Deep Dwarf growth]
  7000 | D:8      | Reached XP level 9. HP: 56/73 MP: 10/20
  7017 | D:8      | Noticed a two-headed ogre
  7199 | D:9      | Reached skill level 1 in Evocations
  7273 | D:9      | Reached skill level 5 in Evocations
  7526 | D:8      | Noticed Prince Ribbit
  7534 | D:8      | Killed Prince Ribbit
  7830 | D:8      | Reached XP level 10. HP: 75/80 MP: 23/23
  7845 | D:8      | Found a staircase to the Lair.
  8109 | D:8      | Noticed Pikel
  8311 | D:8      | Reached skill level 9 in Necromancy
  8906 | D:9      | Found a staircase to the Orcish Mines.
  9043 | D:10     | Entered Level 10 of the Dungeon
  9198 | D:10     | Found Ginuaret's Antique Weapon Boutique.
  9353 | D:10     | Reached skill level 10 in Necromancy
  9524 | D:10     | Reached skill level 5 in Fighting
  9609 | D:10     | Learned a level 1 spell: Summon Butterflies
  9613 | D:10     | Learned a level 3 spell: Dazzling Spray
  9669 | D:11     | Noticed a brown ugly thing
  9732 | D:11     | Noticed a two-headed ogre
  9742 | D:11     | Killed a two-headed ogre
  9892 | D:11     | Reached XP level 11. HP: 81/96 MP: 14/24
  9935 | D:11     | Noticed a two-headed ogre
  9945 | D:11     | Killed a two-headed ogre
  9945 | D:11     | Reached skill level 5 in Armour
  9945 | D:11     | Reached skill level 11 in Necromancy
  9999 | D:11     | Killed a brown ugly thing
 10595 | Lair:1   | Entered Level 1 of the Lair of Beasts
 10838 | Lair:1   | You fall through a shaft!
 10880 | Lair:2   | Found a labyrinth entrance.
 10889 | Lab      | Entered a labyrinth
 11047 | Lab      | Killed an unseen horror
 11047 | Lab      | Reached skill level 12 in Necromancy
 11132 | Lab      | Killed an unseen horror
 11221 | Lab      | Noticed a minotaur
 11236 | Lab      | Killed a minotaur
 11311 | Lair:2   | Bought a steaming cloak for 285 gold pieces
 11321 | Lair:2   | Identified the +1 cloak of Dramatic Exits {rF+ rN++} (You bought it in a shop on level 2 of the Lair of Beasts)
 11342 | Lair:2   | Learned a level 3 spell: Inner Flame
 11346 | Lair:2   | Learned a level 3 spell: Portal Projectile
 11397 | Lair:2   | Noticed a six-headed hydra
 11432 | Lair:2   | Noticed a six-headed hydra
 11443 | Lair:2   | Killed a six-headed hydra
 11443 | Lair:2   | Reached skill level 5 in Axes
 11443 | Lair:2   | HP: 3/96 [six-headed hydra (10)]
 11454 | Lair:2   | Killed a six-headed hydra
 11641 | Lair:2   | Reached skill level 13 in Necromancy
 11874 | Lair:2   | Reached XP level 12. HP: 93/103 MP: 25/25
 12002 | Lair:4   | Noticed an eight-headed hydra
 12012 | Lair:4   | Killed an eight-headed hydra
 12034 | Lair:4   | Noticed a catoblepas
 12049 | Lair:5   | Noticed Rupert
 12062 | Lair:5   | HP: 4/103 [wyvern (6)]
 12063 | Lair:5   | Slain by a wyvern

Skill      XL: |  1  2  3  4  5  6  7  8  9 10 11 12 |
---------------+-------------------------------------+-----
Spellcasting   | 2 3 4 7 9 |  9.1
Necromancy     | 5 6 7 8 10 13 | 13.4
Axes           | 1 6 7 |  7.5
Fighting       | 1 2 5 |  5.3
Armour         | 3 4 6 |  6.6
Evocations     | 7 |  7.0
Dodging        | |  2.1
Stealth        | |  2.4

Action                   |  1- 3 |  4- 6 |  7- 9 | 10-12 || total
-------------------------+-------+-------+-------+-------++-------
Melee: Unarmed           |     2 |       |       |       ||     2
       Lajatang          |     2 |     3 |       |       ||     5
       War axe           |       |    87 |       |    68 ||   155
       Short sword       |       |       |   204 |   317 ||   521
       Whip              |       |       |       |     4 ||     4
Throw: Javelin           |       |     1 |     2 |     1 ||     4
 Cast: Pain              |    30 |    86 |    57 |    11 ||   184
       Vampiric Draining |    10 |    21 |    63 |   168 ||   262
Invok: Call Merchant     |       |       |     1 |     1 ||     2
Evoke: Wand              |       |       |     4 |    36 ||    40
  Use: Scroll            |       |       |     2 |    18 ||    20
 Stab: Sleeping          |       |     1 |       |       ||     1
       Paralysed         |       |       |    16 |    20 ||    36
       Distracted        |       |       |       |     3 ||     3
  Eat: Chunk             |     3 |     2 |       |     2 ||     7
       Meat ration       |       |     1 |     3 |     2 ||     6
       Fruit             |       |     4 |       |       ||     4
       Royal jelly       |       |       |       |     3 ||     3
Armor: Robe              |     2 |       |       |       ||     2
       Ring mail         |       |    43 |       |       ||    43
       Scale mail        |       |       |   149 |   341 ||   490
       Chain mail        |       |       |       |     1 ||     1
Dodge: Dodged            |     9 |    86 |   119 |   301 ||   515
